 Dungeon Crawl Stone Soup version 0.30-a0-939-gc8157cb160 (webtiles) character file.

Game seed: 7294183291215064901

108 mandoloar the Trooper (level 4, -1/40 HPs)
             Began as a Demigod Fighter on Mar 25, 2023.
             Succumbed to an orc wizard's poison
             ... on level 3 of the Dungeon.
             The game lasted 00:05:23 (2327 turns).

mandoloar the Trooper (Demigod Fighter)             Turns: 2327, Time: 00:05:23

Health: -1/40      AC:  7    Str: 21    XL:     4   Next: 33%
Magic:  7/7        EV:  9    Int: 10    God:
Gold:   112        SH:  4    Dex: 13    Spells: 4/4 levels left

rFire   . . .      SeeInvis .    a - +0 war axe
rCold   . . .      Faith    .    c - +0 buckler
rNeg    . . .      Spirit   .    b - +0 scale mail
rPois   .          Reflect  .    (no helmet)
rElec   .          Rampage  .    d - scarf {+Inv}
rCorr   .                        (no gloves)
Will    .....                    p - +0 pair of boots Stlth
                                 (no amulet)
HPRegen 0.26/turn                h - ring of flight
MPRegen 0.10/turn                (no ring)

@: lethally poisoned (-1 -> -25), flying
A: high MP 1, forlorn, divine attributes
a: Evoke Invisibility


You were on level 3 of the Dungeon.
You visited 1 branch of the dungeon, and saw 3 of its levels.

You collected 112 gold pieces.

Inventory:

Hand Weapons
 a - a +0 war axe (weapon)
Missiles
 i - 9 stones (quivered)
Armour
 b - a +0 scale mail (worn)
 c - a +0 buckler (worn)
 d - a scarf of invisibility (worn)
 g - a +2 tower shield
 p - a +0 pair of boots (worn)
Jewellery
 e - a ring of magical power
 h - a ring of flight (left hand)
 r - a ring of wizardry
Potions
 f - a potion of haste
 m - a potion of curing {unknown}
 n - 2 potions of brilliance {unknown}
 s - 2 potions of heal wounds {unknown}


   Skills:
 + Level 3.9 Fighting
 + Level 3.2 Axes
 - Level 2.6 Armour
 - Level 2.6 Shields
 + Level 0.6 Spellcasting


You had 4 spell levels left.
You didn't know any spells.
Your spell library contained the following spells:

 Spells                   Type           Power      Damage    Failure   Level
 Leda's Liquefaction      Hex/Erth       0%         N/A       100%        4
 Lee's Rapid Deconstruct  Erth           0%         3d4*      100%        5
 Statue Form              Tmut/Erth      0%         N/A       100%        6


Dungeon Overview and Level Annotations

Branches:
Dungeon (3/15)


Innate Abilities, Weirdness & Mutations

You have an increased reservoir of magic. (+10% MP)
You shall have no god before yourself.
Your divine heritage dramatically boosts your attributes as you level up.


Message History

The magic dart hits you. The orc priest barely misses you.
You are too confused!
The orc priest attacks as you move away!
The orc priest hits you but does no damage.
You feel sick.
The orc wizard hits you with a +2 dagger of venom.
You are more poisoned.
You barely miss the orc wizard.
The orc wizard is heavily wounded.
You barely miss the orc priest.
You feel very sick.
The orc wizard hits you with a +2 dagger of venom.
You are more poisoned.
The orc priest hits you but does no damage.
You barely miss the orc wizard.
The orc wizard is heavily wounded.
You miss the orc priest.
You feel very sick. The orc priest hits you with a +0 club.
The orc wizard hits you but does no damage.
The orc wizard attacks as you move away!
The orc wizard hits you with a +2 dagger of venom.
You are more poisoned.
You feel very sick.
The orc priest casts a cantrip, but nothing happens.
You're too confused to move!
* * * LOW HITPOINT WARNING * * *
You feel very sick.
The orc wizard hits you but does no damage.
You are lethally poisoned!
You bump into the rock wall.
* * * LOW HITPOINT WARNING * * *
You feel very sick.
The orc wizard hits you with a +2 dagger of venom.
* * * LOW HITPOINT WARNING * * *
You are more poisoned.
The orc priest mumbles some strange prayers to Beogh against you.
You barely resist.
You're too confused to move!
You feel less confused.
You die...

#..o.........
........
####.########
#......# #.o#
#......# ##.#
#......# #o#
#......#
#.#######
#...^..#
#...#...#
#......##
###.#.o.#
#......##
#...o@#
#......##
###..##
#........
##..#
#......## ##.#
#......##
#.###
#####'###
#.†.### #.# #
###.).#### #.#
. ###....##
#.# .
####..####.##.


You could see an orc priest and an orc wizard.

Vanquished Creatures
  Robin (D:1)
  2 adders (D:2)
  A worm (D:2)
  A dart slug (D:1)
  2 orcs (D:3)
  3 endoplasms
  5 giant cockroaches (D:1)
  15 goblins
  5 hobgoblins
  4 quokkas
  7 ball pythons
  5 bats
  2 frilled lizards
  6 kobolds
  8 rats
67 creatures vanquished.

Vanquished Creatures (collateral kills)
  An orc (D:3)
1 creature vanquished.

Grand Total: 68 creatures vanquished

Notes
Turn   | Place    | Note
-------+----------+-------------------------------------------
     0 | D:1      | mandoloar the Demigod Fighter began the quest for the Orb.
     0 | D:1      | Reached XP level 1. HP: 18/18 MP: 3/3
   282 | D:1      | Reached XP level 2. HP: 23/26 MP: 4/4
   784 | D:2      | Noticed Robin
   790 | D:1      | Killed Robin
   791 | D:1      | Reached XP level 3. HP: 25/31 MP: 5/5
  1685 | D:2      | Reached XP level 4. HP: 40/40 MP: 6/6
  2327 | D:3      | Succumbed to an orc wizard's poison

Illustrated notes

Levels and vault maps discovered:
D:1:      evilmike_arrival_crescent, layout_loops_cross,
          minmay_misc_feat_encased
D:2:      layout_loops_cross, minmay_cupped, uniq_robin
D:3:      layout_basic, nicolae_overflow_hidden_temple, uniq_ijyb

Skill      XL: |  1  2  3 |
---------------+----------+-----
Axes           | 2 3 |  3.2
Fighting       | 3 |  3.9
Armour         | |  2.6
Shields        | |  2.6
Spellcasting   | |  0.6

Action                     |  1- 3 |  4- 6 || total
---------------------------+-------+-------++-------
  Melee: War axe           |   151 |    46 ||   197
  Throw: Stone             |     2 |       ||     2
    Use: Potion            |     1 |       ||     1
         Scroll            |       |     5 ||     5
 Armour: Scale mail        |    86 |    27 ||   113
  Dodge: Dodged            |    77 |    30 ||   107
  Block: Buckler           |    46 |    16 ||    62

Table legend: (Time is in decaauts)
 A = Elapsed time spent in this place.
 B = Non-inter-level travel time spent in this place.
 C = Inter-level travel time spent in this place.
 D = Time resting spent in this place.
 E = Time spent auto-exploring this place.
 F = Levels seen in this place.
 G = Mean time per level.
                   A        B        C        D        E       F      G
               +--------+--------+--------+--------+--------+-----+--------+
         Total |   2413 |   2278 |    135 |    483 |   1160 |   3 |  804.3 |
       Dungeon |   2413 |   2278 |    135 |    483 |   1160 |   3 |  804.3 |
               +--------+--------+--------+--------+--------+-----+--------+

Top non-repeatable levels by time:
     D:2: 1296 daAuts
     D:1: 851 daAuts
     D:3: 265 daAuts
